[Event "*** Titled Tuesday Blitz"]
[Site "Chess.com"]
[Date "2020.05.26"]
[Round "8"]
[White "VALPARAISO37"]
[Black "MomchilPetkov"]
[Result "0-1"]
[WhiteElo "2364"]
[BlackElo "2551"]
[TimeControl "180+1"]
[EndTime "11:40:58 PDT"]
[Termination "MomchilPetkov won by checkmate"]

1. d4 Nf6 2. c4 e6 3. Nc3 Bb4 4. a3 Bxc3+ 5. bxc3 b6 6. e3 Bb7 7. f3 Nc6 8. Bd3 d6 9. e4 Na5 10. Ne2 O-O 11. Bg5 Ba6 12. Ng3 h6 13. Bxf6 Qxf6 14.
Qe2 c5 15. e5 dxe5 16. dxe5 Qh4 17. O-O Bxc4 18. f4 Bxd3 19. Qxd3 Rad8 20. Qe2 c4 21. Ne4 Rd3 22. Rf3 Nb3 23. Rd1 Rxd1+ 24. Qxd1 Rd8 25. Nd6 Nc5 26. Qd4 Nb7 27. g3 Qe7 28. Qxc4 Nxd6 29. exd6 Qxd6 30. Qa4 Qc5+ 31. Kg2 Rd2+ 32.
Kf1 Qd5 33. Ke1 Rxh2 34. Rf2 Rh1+ 35. Ke2 Rb1 36. Qe8+ Kh7 37. Qxf7 Rb2+ 38. Ke3 Qc5+ 39. Ke4 Rxf2 40. f5 Qxf5+ 41. Ke3 Qxf7 42. g4 Qf3+ 43.
Kd4 Qd5+ 44. Ke3 Rf3+ 45. Ke2 Qd3+ 46. Ke1 Rf1# 0-1

[Event "*** Titled Tuesday Blitz"]
[Site "Chess.com"]
[Date "2020.05.26"]
[Round "8"]
[White "SCIM"]
[Black "Richarzard69"]
[Result "1-0"]
[WhiteElo "2525"]
[BlackElo "2261"]
[TimeControl "180+1"]
[EndTime "11:40:58 PDT"]
[Termination "SCIM won by resignation"]

1. d4 Nf6 2. c4 c5 3. d5 e6 4. Nc3 exd5 5. cxd5 d6 6. e4 g6 7. Nge2 Bg7 8. Ng3 O-O 9. Be2 Na6 10.
O-O Nc7 11. f4 Re8 12. a4 Rb8 13. Bf3 a6 14. Re1 Nd7 15. a5 b5 16. axb6 Rxb6 17. Kh1 Nb5 18. Nxb5 Rxb5 19. Qc2 Qb6 20. Ra2 a5 21.
Ne2 Ba6 22. Nc3 Rb4 23. Be3 Bc4 24. Na4 Qb5 25. Ra3 Bb3 26. Rxb3 Rxb3 27. Nc3 Qb8 28. Re2 c4 29. h4 Nc5 30. Bxc5 dxc5 31. e5 h6 32. d6 Qd8 33. g3 g5 34. hxg5 hxg5 35. Qf5 gxf4 36. Bd5 Rf8 37. Rh2 Qh4 38. Rxh4 1-0

[Event "*** Titled Tuesday Blitz"]
[Site "Chess.com"]
[Date "2020.05.26"]
[Round "8"]
[White "Grandmaster2B"]
[Black "SHIVACalypso"]
[Result "1-0"]
[WhiteElo "2429"]
[BlackElo "2280"]
[TimeControl "180+1"]
[EndTime "11:40:58 PDT"]
[Termination "Grandmaster2B won by resignation"]

1. e4 e6 2. d4 d5 3. Nd2 Nf6 4. e5 Nfd7 5. Bd3 c5 6. c3 Nc6 7.
Ne2 cxd4 8. cxd4 f6 9. exf6 Nxf6 10. Nf3 Bd6 11. O-O O-O 12. Nc3 e5 13. dxe5 Nxe5 14.
Nxe5 Bxe5 15. Bg5 Qd6 16. h3 Be6 17. Rc1 h6 18. Bd2 a6 19. Kh1 Rae8 20. Na4 d4 21.
Nc5 Bd5 22. f4 Qc6 23. fxe5 Bxg2+ 24. Kh2 Bxf1 25. Bxf1 Ne4 26. Bg2 Rf2 27. Qb3+ Kh8 28. Qxb7 Rxg2+ 29. Kxg2 Qg6+ 30. Kh1 Nxd2 31. Rg1 Qh7 32.
e6 d3 33. Qf7 Rg8 34. e7 Nc4 35. e8=Q 1-0

[Event "*** Titled Tuesday Blitz"]
[Site "Chess.com"]
[Date "2020.05.26"]
[Round "8"]
[White "AttilaTurzo"]
[Black "Playgood28"]
[Result "1-0"]
[WhiteElo "2440"]
[BlackElo "2291"]
[TimeControl "180+1"]
[EndTime "11:40:58 PDT"]
[Termination "AttilaTurzo won by resignation"]

1. e4 e5 2. Nf3 d6 3. d4 exd4 4. Nxd4 Nf6 5. Nc3 Be7 6. Bf4 O-O 7. Qd2 a6 8. O-O-O b5 9. f3 c5 10. Nf5 Bxf5 11. exf5 Nc6 12. Bxd6 Qa5 13. Bxe7 Nxe7 14. Kb1 Rad8 15. Bd3 b4 16. Ne4 Nxe4 17. fxe4 c4 18. Qg5 cxd3 19. Qxe7 dxc2+ 20. Kxc2 Qa4+ 21. Kc1 Rc8+ 22. Kb1 b3 23. axb3 Qxb3 24. Rd2 Rfe8 25. Qd7 Qc4 26.
Re1 h6 27. Qd3 Qc6 28. e5 a5 29. e6 fxe6 30. f6 gxf6 31. Qg6+ Kh8 32. Qxh6+ Kg8 33. Qg6+ Kh8 34. Re3 Qc1+ 35. Ka2 Qc4+ 36. b3 Qh4 37. Rh3 Qxh3 38. gxh3 1-0

[Event "*** Titled Tuesday Blitz"]
[Site "Chess.com"]
[Date "2020.05.26"]
[Round "8"]
[White "eCztery"]
[Black "GMartin_Petrov"]
[Result "0-1"]
[WhiteElo "2326"]
[BlackElo "2560"]
[TimeControl "180+1"]
[EndTime "11:40:59 PDT"]
[Termination "GMartin_Petrov won by resignation"]

1. e4 c6 2. Nc3 d5 3. Nf3 g6 4. d3 Bg7 5. Bd2 Na6 6. Qe2 Nb4 7. Kd1 Bg4 8. Kc1 Nf6 9. h3 Bxf3 10. Qxf3 O-O 11.
g4 a5 12. Be2 Nd7 13. h4 h6 14.
Qg3 b5 15. f4 dxe4 16. dxe4 Nc5 17. e5 Nd5 18. Rd1 b4 19. Nxd5 cxd5 20. a3 Qc7 21.
Kb1 Rfb8 22. Qe3 f6 23. Bf3 e6 24. exf6 Bxf6 25. g5 bxa3 26. gxf6 Rxb2+ 27. Kc1 Nb3+ 28. Qxb3 Rxb3 29. Bg4 Kf7 30. Re1 Ra6 31. Kd1 Rb2 32. Rxa3 Qxc2+ 0-1

[Event "*** Titled Tuesday Blitz"]
[Site "Chess.com"]
[Date "2020.05.26"]
[Round "8"]
[White "kleopl"]
[Black "Mbneu"]
[Result "1-0"]
[WhiteElo "2436"]
[BlackElo "2234"]
[TimeControl "180+1"]
[EndTime "11:41:00 PDT"]
[Termination "kleopl won by resignation"]

1. c4 Nf6 2. Nc3 e6 3. Nf3 c5 4. g3 d5 5. cxd5 exd5 6. d4 Nc6 7. Bg2 Be7 8. O-O O-O 9. b3 Ne4 10. Bb2 Bf6 11. e3 cxd4 12. Nxd4 Nxd4 13. exd4 Nxc3 14. Bxc3 Bf5 15. Re1 Rc8 16. Bb4 Re8 17. Rxe8+ Qxe8 18.
Bxd5 Be4 19. Bc4 h5 20. Qxh5 Bxd4 21. Re1 g6 22. Qg4 Rxc4 23. bxc4 f5 24. Qd1 Qe5 25. Bd2 Qc5 26. Be3 Bxe3 27. Rxe3 Qxc4 28. Qb3 Qxb3 29.
Rxb3 Kf7 30. Ra3 a6 31. Rb3 Ke6 32. Rb6+ Ke5 33. Rxg6 a5 34. Rb6 Kd4 35. h4 Kc5 36.
Rb2 b5 37. h5 b4 38. Re2 Bd5 39. h6 Bg8 40. Re8 Bh7 41. Re7 Bg6 42. h7 Bxh7 43.
Rxh7 a4 44. Rf7 b3 45. Rxf5+ Kb4 46. axb3 a3 47. Rf8 1-0

[Event "*** Titled Tuesday Blitz"]
[Site "Chess.com"]
[Date "2020.05.26"]
[Round "8"]
[White "Koksik_13"]
[Black "Zurability"]
[Result "1-0"]
[WhiteElo "2577"]
[BlackElo "2702"]
[TimeControl "180+1"]
[EndTime "11:41:01 PDT"]
[Termination "Koksik_13 won on time"]

1. d4 Nf6 2. Nc3 d5 3. Bf4 e6 4. Nb5 Na6 5. e3 Be7 6. Nf3 O-O 7. h3 c6 8. Nc3 c5 9. Bxa6 bxa6 10. O-O a5 11. Ne5 Qe8 12. Re1 Bb7 13. Qf3 Ne4 14.
Nxe4 dxe4 15. Qg3 Kh8 16. Nc4 cxd4 17. Be5 f6 18. Bxd4 e5 19. Bc3 a4 20. Rad1 Rc8 21.
Nd6 Bxd6 22. Rxd6 a3 23. Red1 axb2 24. Bxb2 Rf7 25. Qg4 Bc6 26. Ba3 h6 27. Qg6 Rfc7 28. Qf5 Ba4 29. Kh2 Bxc2 30. R1d2 Ba4 31. Bb4 Rc6 32. R6d5 Bc2 33. Ba5 Bd3 34. Rb2 Rc5 35. Rd7 Rxa5 36. Rxg7 Kxg7 37. Rb7+ Qf7 38. Qg4+ 1-0

[Event "*** Titled Tuesday Blitz"]
[Site "Chess.com"]
[Date "2020.05.26"]
[Round "8"]
[White "RATNAKARAN"]
[Black "WeAintSurePal"]
[Result "0-1"]
[WhiteElo "2531"]
[BlackElo "2356"]
[TimeControl "180+1"]
[EndTime "11:41:02 PDT"]
[Termination "WeAintSurePal won by resignation"]

1. e4 d5 2. exd5 Qxd5 3. Nc3 Qd8 4. Bc4 Nf6 5. d4 a6 6. a4 e6 7. Nf3 Bb4 8. O-O O-O 9. Ne2 Bd7 10. Ng3 Bc6 11.
Ne5 Bd6 12. Bg5 h6 13. Nxc6 Nxc6 14. Be3 Nd5 15. Bd2 Nxd4 16. Bxd5 exd5 17. Bxh6 Qh4 18.
Bxg7 Kxg7 19. Qxd4+ Qxd4 20. Nf5+ Kf6 21. Nxd4 Rh8 22. g3 Rh5 23. Kg2 Rah8 24. h4 Rg8 25. Nf3 c6 26. a5 Bc7 27. Ra4 c5 28. g4 Rhh8 29. Re1 d4 30. Kh3 Re8 31. Raa1 Rxe1 32. Rxe1 Bxa5 33. g5+ Kg7 34. Re7 b5 35. Ne5 Rf8 36. h5 Bd8 37. h6+ Kg8 38. h7+ Kxh7 39. Rxf7+ Rxf7 40. Nxf7 Bc7 41. Kg4 Kg6 42. Nh6 c4 43. f4 a5 44. Nf5 c3 45. bxc3 dxc3 46. Nd4 b4 47. f5+ Kg7 48. Ne6+ Kg8 49. Nxc7 b3 50. f6 bxc2 51. g6 c1=Q 52. f7+ Kg7 53. Ne6+ Kxg6 54. f8=Q Qg1+ 55. Kh3 Qh1+ 56. Kg3 Qe1+ 57.
Kg2 Qe4+ 58. Kf2 Qxe6 59. Qa3 Qf5+ 60. Ke2 Qe4+ 61. Kd1 Qd3+ 62. Kc1 Qd2+ 63. Kb1 c2+ 0-1

[Event "*** Titled Tuesday Blitz"]
[Site "Chess.com"]
[Date "2020.05.26"]
[Round "8"]
[White "Jungle_Jaguar"]
[Black "atalz0"]
[Result "1-0"]
[WhiteElo "2567"]
[BlackElo "2330"]
[TimeControl "180+1"]
[EndTime "11:41:02 PDT"]
[Termination "Jungle_Jaguar won on time"]

1. e4 d5 2. exd5 Nf6 3. Bb5+ Bd7 4. Bc4 Bg4 5. f3 Bc8 6. Nc3 Nbd7 7. Bb3 Nb6 8. d4 Nbxd5 9. Nge2 e6 10. Bg5 Be7 11. Qd2 O-O 12. O-O-O a5 13. a4 c6 14. h4 b5 15. Bxd5 Nxd5 16. Nxd5 exd5 17. axb5 cxb5 18. Rde1 Ra7 19. Kb1 a4 20. Nf4 f6 21. Bh6 gxh6 22. Nh5 Bd6 23. g4 b4 24. g5 fxg5 25. hxg5 hxg5 26.
Reg1 h6 27. f4 g4 28. f5 Bxf5 29. Qxh6 b3 30. Rxg4+ Kf7 31. Rg7+ Ke8 32. Re1+ Be4 33. Qg6+ Raf7 34. Rg8 1-0

[Event "*** Titled Tuesday Blitz"]
[Site "Chess.com"]
[Date "2020.05.26"]
[Round "8"]
[White "CroissantNeuf"]
[Black "MightyGMpretender"]
[Result "0-1"]
[WhiteElo "2365"]
[BlackElo "2551"]
[TimeControl "180+1"]
[EndTime "11:41:03 PDT"]
[Termination "MightyGMpretender won on time"]

1. e4 c5 2. Nf3 d6 3. Bb5+ Nd7 4. Ba4 g6 5. O-O Bg7 6. c3 Nf6 7. Re1 O-O 8. d4 cxd4 9. cxd4 Nb6 10. Bb3 d5 11. e5 Ne4 12. Nbd2 Nxd2 13. Bxd2 Bg4 14. h3 Bxf3 15. Qxf3 e6 16. Qg4 Nc4 17. Bg5 Qb6 18. h4 h5 19. Qf4 Nxb2 20. Re3 Nc4 21. Rg3 Na5 22. Rb1 Nxb3 23. Rbxb3 Qc7 24. Rbc3 Qd7 25.
Bf6 Rac8 26. Rcf3 Qc7 27. Re3 Qc1+ 28. Kh2 Qd1 29. Rg5 Rc1 30. Kg3 Rc4 31. Bxg7 Kxg7 32. Qf6+ Kh7 33. Rxg6 fxg6 34. Qxf8 Qg4+ 35. Kh2 Rc7 0-1

[Event "*** Titled Tuesday Blitz"]
[Site "Chess.com"]
[Date "2020.05.26"]
[Round "8"]
[White "FairChess_on_YouTube"]
[Black "Revnov"]
[Result "1-0"]
[WhiteElo "3032"]
[BlackElo "2723"]
[TimeControl "180+1"]
[EndTime "11:41:04 PDT"]
[Termination "FairChess_on_YouTube won by resignation"]

1. e4 e5 2. Nf3 d6 3. d4 exd4 4. Nxd4 Nf6 5. Nc3 Be7 6. Bc4 O-O 7. O-O Nbd7 8. Nf5 Ne5 9. Nxe7+ Qxe7 10. Bb3 Be6 11.
Bg5 h6 12. Bh4 Ng6 13. Bxf6 Qxf6 14. Qd2 Rfe8 15. f4 Ne7 16. Kh1 a6 17. Rae1 Rad8 18. Qf2 Nc6 19. Qg3 Bxb3 20. axb3 Nb4 21. Rf2 d5 22. e5 Qf5 23. Qh3 Qxh3 24. gxh3 d4 25. Ne4 d3 26. c3 Nc2 27. Rg1 Kf8 28. Rfg2 g6 29. Rd2 Ne3 30. Nf6 Re6 31. Rg3 Nf5 32. Rgxd3 Rxd3 33. Rxd3 h5 34. Kg2 h4 35. b4 a5 36. bxa5 g5 37. Nh7+ Kg7 38. Nxg5 Ra6 39. Rd7 Rxa5 40. Rxf7+ Kg6 41. Rf6+ Kh5 42. Rxf5 Ra2 43. e6 Rxb2+ 44. Kf3 b5 45. e7 1-0

[Event "*** Titled Tuesday Blitz"]
[Site "Chess.com"]
[Date "2020.05.26"]
[Round "8"]
[White "Grandelicious"]
[Black "vladislavkovalev"]
[Result "1-0"]
[WhiteElo "2810"]
[BlackElo "2878"]
[TimeControl "180+1"]
[EndTime "11:41:04 PDT"]
[Termination "Grandelicious won on time"]

1. Nf3 Nf6 2. g3 e6 3. Bg2 d5 4.
O-O Be7 5. c4 O-O 6. b3 b6 7. d4 Bb7 8. Nc3 dxc4 9. bxc4 c5 10.
d5 exd5 11. Nh4 Ne8 12. Nf5 Bf6 13. Nxd5 Bxd5 14. Bxd5 Nc6 15. Rb1 Rc8 16. Bf4 Nd4 17. Nxd4 cxd4 18. e3 g5 19. Qg4 Kh8 20. Be4 Ng7 21.
Qh3 h5 22. Bb7 Rc5 23. exd4 Bxd4 24. Bc1 g4 25. Qg2 Qf6 26. Ba3 Re8 27. Bxc5 Bxc5 28. Bd5 Nf5 29. Rbe1 Re5 30. Rxe5 Qxe5 31. Qe4 Qf6 32. Qf4 Kg7 33. Re1 Nd4 34. Qe5 1-0

[Event "*** Titled Tuesday Blitz"]
[Site "Chess.com"]
[Date "2020.05.26"]
[Round "8"]
[White "platy3"]
[Black "BogdanDeac"]
[Result "1-0"]
[WhiteElo "2712"]
[BlackElo "2931"]
[TimeControl "180+1"]
[EndTime "11:41:04 PDT"]
[Termination "platy3 won by resignation"]

1. e4 e5 2. Nf3 Nc6 3. Bb5 Nf6 4.
O-O Nxe4 5. Re1 Nd6 6. Nxe5 Be7 7. Bf1 Nxe5 8. Rxe5 O-O 9. d4 Bf6 10. Re1 Re8 11. Bf4 Rxe1 12. Qxe1 Ne8 13. Nc3 Bxd4 14.
Nd5 d6 15. Bg5 f6 16. Bh4 g5 17. Bg3 Bxb2 18. Rd1 Be5 19. f4 gxf4 20. Nxf4 c6 21. Nd3 Qe7 22. Nxe5 dxe5 23. Bh4 Bf5 24. Qg3+ Kh8 25.
Qf2 Bg6 26. Qd2 Kg7 27. Qd7 Kf8 28. Qd2 b5 29. Be2 a5 30. Bf3 Kg7 31. Bf2 e4 32.
Be2 Nc7 33. Qd7 Re8 34. Qxc6 Rd8 35. Rxd8 Qxd8 36. Bb6 Qd2 37. Qxc7+ Kh6 38. Bf1 1-0

[Event "*** Titled Tuesday Blitz"]
[Site "Chess.com"]
[Date "2020.05.26"]
[Round "8"]
[White "temus_galaktionov"]
[Black "Sanyura"]
[Result "1-0"]
[WhiteElo "2707"]
[BlackElo "2504"]
[TimeControl "180+1"]
[EndTime "11:41:04 PDT"]
[Termination "temus_galaktionov won on time"]

1. d4 Nf6 2. Nf3 g6 3. c4 Bg7 4. Nc3 O-O 5. e4 d6 6. Be2 e5 7.
O-O Nc6 8. d5 Ne7 9. Ne1 Ne8 10.
f3 f5 11. g4 c5 12. Nd3 Nf6 13. a3 a5 14. b3 h6 15. h4 Qd7 16. Nf2 Nh7 17.
Kg2 Kh8 18. Be3 Ng8 19. Rh1 Qf7 20. b4 axb4 21. axb4 Rxa1 22. Qxa1 cxb4 23. Nb5 Qd7 24. Qa5 b3 25. Qb4 fxe4 26. fxe4 Ngf6 27. Qxd6 h5 28. g5 Ne8 29. Qxd7 Bxd7 30. Rb1 Bxb5 31. cxb5 Nd6 32. Rxb3 Rc8 33. Ra3 Bf8 34. Ra7 Be7 35. Kf3 Rf8+ 36. Kg3 Rc8 37. b6 Nf8 38. Nd3 Nd7 39.
Ra4 Rc2 40. Kf3 Kg8 41. Bf1 Kf7 42. Bh3 Rc3 43. Ke2 Nc4 44. Bxd7 Rc2+ 45. Kf3 Bd6 46. Bb5 1-0

[Event "*** Titled Tuesday Blitz"]
[Site "Chess.com"]
[Date "2020.05.26"]
[Round "8"]
[White "RobertoJBM"]
[Black "51616516516"]
[Result "1/2-1/2"]
[WhiteElo "2584"]
[BlackElo "2388"]
[TimeControl "180+1"]
[EndTime "11:41:04 PDT"]
[Termination "Game drawn by repetition"]

1. d4 Nf6 2. c4 g6 3. Nc3 Bg7 4. e4 d6 5. f3 c6 6. Be3 a6 7. Qd2 b5 8. Rc1 Nbd7 9. b3 Bb7 10. Nh3 O-O 11. Nf2 e5 12. d5 cxd5 13. cxd5 Rc8 14.
b4 Nb6 15. a4 Nxa4 16. Nxa4 bxa4 17. Bd3 Rxc1+ 18. Qxc1 Nh5 19. O-O Nf4 20. g3 Nxd3 21. Nxd3 Qd7 22. Qa3 Rc8 23. Rc1 Qb5 24. Kf2 f5 25. Nb2 fxe4 26. Rxc8+ Bxc8 27. fxe4 Bg4 28. Nd3 Bf6 29. Qc3 Bd8 30. Ke1 Bb6 31. Bxb6 Qxb6 32.
Nf2 Bd7 33. h4 Kg7 34. Nd1 Qg1+ 35. Kd2 Bb5 36. Qc7+ Kh6 37. Qxd6 Qd4+ 38. Kc1 Qxe4 39. Qf8+ Kh5 40. d6 Qc4+ 41. Kd2 Qd3+ 42. Kc1 Qc4+ 43. Kd2 Qxb4+ 44. Kc1 Qc4+ 45. Kd2 Qd3+ 46. Kc1 a3 47. Qe7 Qc4+ 48. Kd2 Qe2+ 49. Kc1 Qc4+ 50.
Kd2 Qd3+ 51. Kc1 Kg4 52. Qxe5 Qc4+ 53. Kd2 Qd3+ 54. Kc1 Qc4+ 55. Kd2 Qd3+ 56. Kc1 1/2-1/2

[Event "*** Titled Tuesday Blitz"]
[Site "Chess.com"]
[Date "2020.05.26"]
[Round "8"]
[White "blitzking1729"]
[Black "BIG_Pirate"]
[Result "0-1"]
[WhiteElo "2484"]
[BlackElo "2330"]
[TimeControl "180+1"]
[EndTime "11:41:04 PDT"]
[Termination "BIG_Pirate won by resignation"]

1. Nf3 d5 2. c4 c6 3. d4 Nf6 4. Qc2 g6 5. Bf4 Bg7 6. e3 O-O 7. Nc3 Bf5 8. Qb3 Qb6 9. h3 Nbd7 10. Nd2 Rfe8 11. g4 Be6 12. c5 Qxb3 13. axb3 a6 14. b4 h5 15. f3 Nf8 16. Be2 Rad8 17. Kf2 Bc8 18. Bc7 Rd7 19. Be5 hxg4 20. hxg4 N6h7 21.
Bxg7 Kxg7 22. f4 g5 23. f5 e5 24. dxe5 Rxe5 25. Nf3 Re8 26. Rh3 Rde7 27. Nd4 Nf6 28.
Rah1 N8d7 29. Rg1 a5 30. bxa5 Nxc5 31. b4 Nce4+ 32. Nxe4 Nxe4+ 33. Ke1 Bd7 34. Rgh1 Nf6 35. Kd2 Rb8 36. Nf3 b6 37. Nxg5 bxa5 38. bxa5 Rb2+ 39. Ke1 d4 40. a6 c5 41. a7 Bc6 42. Bf3 Bxf3 43.
Nxf3 Rxa7 44. Kf1 Ra1+ 45. Ne1 d3 46. g5 d2 47. gxf6+ Kxf6 48. Rh6+ Ke5 0-1

[Event "*** Titled Tuesday Blitz"]
[Site "Chess.com"]
[Date "2020.05.26"]
[Round "8"]
[White "chiwii"]
[Black "CarlssonLudvig"]
[Result "0-1"]
[WhiteElo "2217"]
[BlackElo "2504"]
[TimeControl "180+1"]
[EndTime "11:41:04 PDT"]
[Termination "CarlssonLudvig won by resignation"]

1. e4 e5 2. Nf3 Nc6 3. Nc3 Nf6 4. Be2 d5 5. exd5 Nxd5 6. O-O Nxc3 7. bxc3 e4 8. Ne1 Bd6 9. d4 O-O 10. f3 f5 11. fxe4 fxe4 12. Rxf8+ Qxf8 13. Bg4 Bf5 14. Be3 Rd8 15. g3 Qf7 16. Ng2 Rf8 17. Bxf5 Qxf5 18.
Qe2 Qd5 19. c4 Nxd4 20. cxd5 Nxe2+ 21. Kh1 Nc3 22. Nf4 Bxf4 23. Bxf4 Nxd5 24. Be5 b5 25. Re1 e3 26. Kg2 a6 27. Bf4 g6 28. Bxe3 Re8 29. Bd2 Rxe1 30. Bxe1 Kf7 31. Kf3 Ke6 32. Ke4 Nf6+ 33. Kd4 Nd7 34. Ba5 c5+ 35. Kd3 Kd5 36. Bd8 Ne5+ 37. Ke2 Nc4 38. h4 Ke4 39.
Bc7 Na3 40. Kd2 Nb1+ 41. Kc1 Nc3 42. Kd2 Nxa2 43. Bb6 c4 44. g4 h5 45. gxh5 gxh5 46.
Ba5 Kf3 47. c3 Kg4 48. Kc2 Kxh4 49. Kb2 Nxc3 50. Kxc3 Kg3 51. Bc7+ Kg4 52. Ba5 h4 53. Bc7 h3 54. Be5 Kf3 55. Kb4 Kg2 56. Ka5 h2 57. Kxa6 h1=Q 58. Kxb5 c3 59. Kc4 Qf1+ 60. Kxc3 Qa1+ 61. Kd3 Qxe5 0-1

[Event "*** Titled Tuesday Blitz"]
[Site "Chess.com"]
[Date "2020.05.26"]
[Round "8"]
[White "bsnsun"]
[Black "AnthonyWirig"]
[Result "0-1"]
[WhiteElo "2481"]
[BlackElo "2684"]
[TimeControl "180+1"]
[EndTime "11:41:05 PDT"]
[Termination "AnthonyWirig won by resignation"]

1. Nf3 c5 2. g3 g6 3. c4 Bg7 4. Nc3 Nc6 5. Bg2 d6 6. a3 Bf5 7.
O-O Qd7 8. Re1 Bh3 9. Bh1 h5 10. d3 h4 11. Nd5 hxg3 12. hxg3 Bg4 13. Bg5 Rc8 14. Qd2 f6 15. Be3 e6 16. Nf4 g5 17.
Ng2 Qf7 18. Bxg5 fxg5 19. Qxg5 Nf6 20. Qf4 Kd7 21. Ngh4 Bh6 22. Ng5 Qg7 23. Nhf3 Bxf3 24. Qxf3 Bxg5 25. Rad1 Rc7 26. b4 Nd4 27. Qg2 Ng4 28.
bxc5 Rh2 29. Qe4 Qh7 30. Qxh7+ Rxh7 31. cxd6 Kxd6 32. e3 Rxh1+ 33. Kxh1 Nxf2+ 34. Kg2 Nxd1 35. exd4 Nb2 36. c5+ Ke7 37. d5 Rxc5 38. Rxe6+ Kd7 39. Re5 Be7 40. Kf3 Nxd3 41. Rf5 Rc3 42. Ke4 Rxa3 43. g4 Nc5+ 44. Ke5 Ra4 45. d6 Bxd6+ 46. Kd5 Be7 47. g5 Rg4 0-1

[Event "*** Titled Tuesday Blitz"]
[Site "Chess.com"]
[Date "2020.05.26"]
[Round "8"]
[White "antoszu"]
[Black "TokChess"]
[Result "0-1"]
[WhiteElo "2494"]
[BlackElo "2376"]
[TimeControl "180+1"]
[EndTime "11:41:05 PDT"]
[Termination "TokChess won by resignation"]

1. d4 Nf6 2. c4 g6 3. Nc3 d5 4. cxd5 Nxd5 5. e4 Nxc3 6. bxc3 Bg7 7. Nf3 O-O 8. Be2 c5 9. O-O b6 10. Be3 Bb7 11. Qd3 e6 12. Rfd1 Qc7 13. Rac1 Nd7 14.
h4 Nf6 15. Nd2 Rac8 16. h5 Nxh5 17. Bxh5 gxh5 18. d5 exd5 19. exd5 c4 20. Qe2 Qe5 21. Nf3 Qf5 22. Qc2 Qxc2 23. Rxc2 Rfd8 24. d6 Be4 25. Rcc1 Bd3 26. Bf4 Bf8 27. Nd4 Bxd6 28. Bxd6 Rxd6 29. Re1 Kf8 30. Re5 Re8 31. Rxh5 Bg6 32. Rh3 Red8 33. f4 Rxd4 34. cxd4 Rxd4 35. Rf3 Bf5 36. g3 b5 37. Kf2 b4 38. Re3 c3 39. Re5 Rd2+ 40.
Ke1 Be6 41. Re4 a5 42. a3 Rh2 43. Kd1 Bg4+ 44. Ke1 0-1

[Event "*** Titled Tuesday Blitz"]
[Site "Chess.com"]
[Date "2020.05.26"]
[Round "8"]
[White "Lubov_Gordyk"]
[Black "emiliocordova"]
[Result "0-1"]
[WhiteElo "2618"]
[BlackElo "2732"]
[TimeControl "180+1"]
[EndTime "11:41:06 PDT"]
[Termination "emiliocordova won by resignation"]

1. e4 c5 2. g3 d6 3. Bg2 Nc6 4. Ne2 g6 5. c3 Bg7 6. d4 cxd4 7. cxd4 Nf6 8. Nbc3 O-O 9. O-O Bd7 10. f3 Rc8 11. Be3 Na5 12. b3 b5 13. Qd2 Nb7 14. Rfc1 b4 15. Nd1 a5 16. Rxc8 Qxc8 17. Rc1 Qb8 18.
h3 Rc8 19. f4 Rxc1 20. Nxc1 Ne8 21. e5 Nc7 22. Nd3 Nb5 23. N3b2 e6 24. Nc4 d5 25. Ncb2 Na3 26. Nd3 Bf8 27. g4 Qc7 28. N1b2 Qc2 29. Qxc2 Nxc2 30. Bf2 Nd8 31. Bf3 Nc6 32. Nc5 Bc8 33.
Nba4 N2xd4 34. Bd1 Bxc5 35. Nxc5 Nb5 36. Be1 g5 37. fxg5 Nxe5 38. Kf2 Nd7 39. Na4 d4 40.
Be2 Nc3 41. Nxc3 bxc3 42. Bd3 Nc5 43. Ke2 Nxd3 44. Kxd3 e5 45. Bg3 Ba6+ 46. Kc2 e4 47. Be5 d3+ 48. Kxc3 e3 49. Bf4 d2 50. Kc2 Be2 0-1

[Event "*** Titled Tuesday Blitz"]
[Site "Chess.com"]
[Date "2020.05.26"]
[Round "8"]
[White "AungTZ"]
[Black "zala02"]
[Result "1-0"]
[WhiteElo "2013"]
[BlackElo "2226"]
[TimeControl "180+1"]
[EndTime "11:41:06 PDT"]
[Termination "AungTZ won by checkmate"]

1. e4 c5 2. Nf3 Nc6 3. Bb5 g6 4. O-O Bg7 5. c3 e5 6. d4 cxd4 7. cxd4 Nxd4 8. Nxd4 exd4 9. e5 Qb6 10. Na3 Ne7 11.
Nc4 Qc5 12. Nd6+ Kf8 13. f4 Nf5 14. Nxf5 gxf5 15. Bd3 d6 16. exd6 Qxd6 17. Bd2 Bf6 18. a3 a5 19. Qh5 Be6 20. Bxf5 Bxf5 21. Qxf5 Rg8 22. Kh1 Rg6 23. Rad1 Kg7 24. Qe4 Kh8 25. f5 Rg7 26. Bh6 Rgg8 27. Bf4 Qb6 28. Be5 Rae8 29.
Bxf6+ Qxf6 30. Qxd4 Qxd4 31. Rxd4 Re2 32. Rg1 Rxb2 33.
Rd7 Rf8 34. g4 Re8 35. f6 h6 36.
g5 Ree2 37. Rd8+ Kh7 38. g6+ fxg6 39. Rd7+ Kh8 40. Rxg6 Re1+ 41. Rg1 Ree2 42. Rd8+ Kh7 43. Rg7# 1-0

[Event "*** Titled Tuesday Blitz"]
[Site "Chess.com"]
[Date "2020.05.26"]
[Round "8"]
[White "rasmussvane"]
[Black "korbul"]
[Result "1-0"]
[WhiteElo "2863"]
[BlackElo "2611"]
[TimeControl "180+1"]
[EndTime "11:41:07 PDT"]
[Termination "rasmussvane won by resignation"]

1. Nf3 d5 2. g3 e6 3. Bg2 Nf6 4. O-O Be7 5. c4 O-O 6. b3 c6 7. Bb2 Nbd7 8. Qc2 a5 9. Nc3 b6 10.
Rfd1 Ba6 11. d4 Qb8 12. Ne5 Nxe5 13. dxe5 Nd7 14. cxd5 cxd5 15. e4 d4 16. Rxd4 Nxe5 17. Rad1 Bc5 18. R4d2 Rc8 19. h3 b5 20. Qb1 Bb4 21.
Rc2 a4 22. bxa4 bxa4 23. Nxa4 Bd3 24. Rxc8+ Qxc8 25. Qa1 Bc2 26. Nb6 Qa6 27. Nxa8 Bxd1 28. Bxe5 Qe2 29. Qd4 Qe1+ 30. Kh2 f6 31. Bd6 Bc3 32. Qe3 Qxe3 33. fxe3 e5 34. Nc7 Be2 35.
Kg1 Bc4 36. a3 Kf7 37. Kf2 Ba5 38. Bf1 Ba2 39. Nd5 Ke6 40. Bf8 g6 41. Nb4 Bb3 42.
Nd3 Kf7 43. Bb4 Bc2 44. Bxa5 1-0

[Event "*** Titled Tuesday Blitz"]
[Site "Chess.com"]
[Date "2020.05.26"]
[Round "8"]
[White "bilelou"]
[Black "Alexander_Donchenko"]
[Result "1-0"]
[WhiteElo "2534"]
[BlackElo "2691"]
[TimeControl "180+1"]
[EndTime "11:41:07 PDT"]
[Termination "bilelou won on time"]

1. e4 c5 2. Nf3 d6 3. d4 cxd4 4.
Nxd4 Nf6 5. Nc3 a6 6. h4 e5 7. Nb3 Be6 8. f4 exf4 9. Bxf4 Nc6 10. Qd2 Be7 11. O-O-O Ne5 12. Nd4 O-O 13. g3 b5 14. Nxe6 fxe6 15. Bh3 Kf7 16. Qe2 Qa5 17. g4 b4 18. Nb1 g6 19. Bh6 Rfc8 20.
g5 Qxa2 21. gxf6 Nc4 22. c3 bxc3 23. Nxc3 Qa1+ 24. Kc2 Qxb2+ 25. Kd3 Ne5+ 26. Ke3 Rxc3+ 27. Kf2 Rc2 28. Rd2 Rxd2 29. Bxd2 Bxf6 30. Rc1 Ra7 31.
h5 a5 32. hxg6+ hxg6 33. Kg2 a4 34. Rf1 Nd7 35. Qf2 Kg7 36. Qxa7 Qxd2+ 37. Rf2 Qg5+ 38. Kh1 1-0

[Event "*** Titled Tuesday Blitz"]
[Site "Chess.com"]
[Date "2020.05.26"]
[Round "8"]
[White "heartofatiger"]
[Black "Kobalia"]
[Result "0-1"]
[WhiteElo "2498"]
[BlackElo "2781"]
[TimeControl "180+1"]
[EndTime "11:41:07 PDT"]
[Termination "Kobalia won by resignation"]

1. Nf3 Nf6 2. g3 d5 3. Bg2 c6 4. O-O Bg4 5. h3 Bh5 6. d3 Nbd7 7. Nbd2 e5 8. e4 Bc5 9. Qe1 dxe4 10. dxe4 O-O 11. Nh4 a5 12. Kh1 a4 13. a3 Re8 14.
f4 exf4 15. gxf4 Nd5 16. Ndf3 Qb6 17. Nf5 Bg6 18. N3h4 N7f6 19. e5 Nh5 20. c4 Nc7 21.
Ng3 Nxg3+ 22. Qxg3 Qb3 23. Qxb3 axb3 24. Nxg6 hxg6 25.
Rf3 Red8 26. Be3 Ne6 27. Raf1 Rd3 28. Bc1 Rad8 29. f5 Rxf3 30. Bxf3 gxf5 31. Bd1 Nd4 32. Be3 g6 33. Kg2 Ne6 34. Bh6 Rd3 35. Be2 Rd4 36. Rf3 Re4 37. Kf1 Rxe2 38. Kxe2 Nd4+ 39. Kf2 Nxf3+ 40.
Kxf3 Bd4 41. Bc1 Bxe5 42. Ke2 f4 43. c5 g5 44. Kd3 f5 45. Kc4 g4 46. hxg4 fxg4 0-1

[Event "*** Titled Tuesday Blitz"]
[Site "Chess.com"]
[Date "2020.05.26"]
[Round "8"]
[White "AndrewDGreen"]
[Black "doons21"]
[Result "0-1"]
[WhiteElo "2310"]
[BlackElo "2491"]
[TimeControl "180+1"]
[EndTime "11:41:08 PDT"]
[Termination "doons21 won on time"]

1. e4 e6 2. Nf3 d5 3. Nc3 Nf6 4. e5 Nfd7 5. d4 b6 6. a3 Be7 7. Bf4 c5 8. Nb5 g5 9. Bg3 h5 10. h4 g4 11. Ng5 Nc6 12. c3 cxd4 13. cxd4 Ba6 14. Qa4 Bxb5 15. Bxb5 Na5 16. Rc1 Bxg5 17. hxg5 a6 18. Bxd7+ Qxd7 19. Qxd7+ Kxd7 20. Ke2 Nb3 21. Rcd1 Rac8 22. Kd3 Rc4 23. Ke3 a5 24. f3 gxf3 25.
gxf3 a4 26. f4 Rc2 27. Rh2 Rxh2 28. Bxh2 Rc8 29. Bg3 Rc2 30. Rh1 Na5 31. Rxh5 Rxb2 32.
Rh7 Nc4+ 33. Kf3 Ke8 34. Rh8+ Ke7 35. Rh7 Nd2+ 36. Kg4 Kf8 37. g6 fxg6 38. Kg5 Ne4+ 39. Kxg6 Nxg3 40. Kf6 Kg8 41. Rb7 Nf5 42. Kxe6 Nxd4+ 43. Kf6 Rf2 0-1